 Dungeon Crawl Stone Soup version 0.30-a0-368-g86fb4627a9 (webtiles) character file.

Game seed: 3899394398920423500

54 mopl the Sneak (level 3, 0/37 HPs)
             Began as an Octopode Brigand on Nov 19, 2022.
             Succumbed to an adder's poison
             ... on level 2 of the Dungeon.
             The game lasted 00:01:21 (944 turns).

mopl the Sneak (Octopode Brigand)                    Turns: 944, Time: 00:01:21

Health: 0/37       AC: 21    Str: 10    XL:     3   Next: 91%
Magic:  3/3        EV:  2    Int: 15    God:
Gold:   84         SH:  0    Dex: 13    Spells: 1/2 levels left

rFire   . . .      SeeInvis .    a - +2 dagger
rCold   . . .      Faith    .    (no shield)
rNeg    . . .      Spirit   .    (helmet currently unavailable)
rPois   +          Reflect  .    l - amulet of the acrobat
rElec   .          Harm     .    (no ring)
rCorr   .          Rampage  .    (no ring)
Will    .....      NoTele   +    (no ring)
Stlth   +++.......               (no ring)
HPRegen 0.26/turn                (no ring)
MPRegen 0.08/turn                (no ring)
                                 (no ring)
                                 (no ring)

@: lethally poisoned (0 -> -3), tree-form
A: stationary, stasis, torment immunity, boosted hp, almost no armour,
(amphibious), 8 rings, (camouflage 1), (gelatinous body 1), (nimble swimmer 1),
(tentacles)
a: no special abilities


You were on level 2 of the Dungeon.
You were a tree.
You visited 1 branch of the dungeon, and saw 2 of its levels.

You collected 84 gold pieces.

Inventory:

Hand Weapons
 a - a +2 dagger (weapon)
Missiles
 b - 9 poisoned darts (quivered)
 c - 3 curare-tipped darts
Jewellery
 l - an amulet of the acrobat (around neck)
Scrolls
 e - a scroll of immolation {unknown}
 g - a scroll of teleportation {unknown}
 h - a scroll of enchant armour {unknown}
 i - a scroll of enchant weapon {unknown}
 k - a scroll of vulnerability {unknown}
 m - 3 scrolls of identify {unknown}
Potions
 d - a potion of curing {unknown}
 f - a potion of flight {unknown}
 j - a potion of lignification {!q}
 n - a potion of magic {unknown}


   Skills:
 + Level 2.6 Fighting
 - Level 2.0(2.2) Short Blades
 + Level 1.5(2.0) Long Blades
 + Level 2.6 Throwing
 - Level 1.0 Dodging
 + Level 5.9 Stealth


You had one spell level left.
You knew the following spells:

 Your Spells              Type           Power      Damage    Failure   Level
a - Apportation           Tloc           0%         N/A       26%         1

Your spell library contained the following spells:

 Spells                   Type           Power      Damage    Failure   Level
 Necrotise                Necr           0%         1d4       26%         1
 Summon Small Mammal      Summ           0%         N/A       26%         1
 Cigotuvi's Dreadful Rot  Necr/Pois/Air  0%         N/A       38%         2
 Poisonous Vapours        Pois/Air       0%         N/A       38%         2
 Mephitic Cloud           Conj/Pois/Air  0%         N/A       63%         3


Dungeon Overview and Level Annotations

Branches:
Dungeon (2/15)

Altars:
Ashenzari


Innate Abilities, Weirdness & Mutations

You are a tree.
Your roots penetrate the ground, keeping you stationary.
You cannot be teleported.
You are immune to unholy pain and torment.
Your maximum health is greatly increased.
You cannot wear most types of armour.
((You are amphibious.))
You can wear up to eight rings at the same time.
((Your skin changes colour to match your surroundings (Stealth+).))
((Your rubbery body absorbs attacks. (AC +1, EV +1)))
((You are camouflaged when in or above water. (Stealth+)))
((You have tentacles for arms and can constrict up to eight enemies at once.))


Message History

You are poisoned.
The adder poisons you!
You release your grip on the adder.
The adder attacks as you move away! The adder closely misses you.
You feel sick.
Unknown command.
You feel sick. The adder completely misses you.
There is a stone staircase leading up here.
The adder attacks as you move away! The adder completely misses you.
You feel sick.
You miss the adder. Your grab misses the adder.
The adder is severely wounded.
You feel sick. The adder barely misses you.
You hit the adder.
You kill the adder!
You feel sick.
You barely miss the adder. Your grab misses the adder.
Your squeeze misses the adder.
You feel sick.
You are no longer poisoned.
The adder bites you.
You are poisoned.
The adder poisons you!
You hit the adder but do no damage. Your grab misses the adder.
Your squeeze misses the adder.
You feel sick. The adder bites you.
* * * LOW HITPOINT WARNING * * *
You are lethally poisoned!
The adder poisons you! The adder closely misses you.
You hit the adder but do no damage. Your grab misses the adder.
* * * LOW HITPOINT WARNING * * *
You feel sick. The adder bites you.
* * * LOW HITPOINT WARNING * * *
It was a potion of lignification.
You turn into a tree.
Your roots penetrate the ground.
* * * LOW HITPOINT WARNING * * *
You feel sick. The adder bites you but does no damage.
You barely miss the adder.
* * * LOW HITPOINT WARNING * * *
You feel sick. The adder bites you but does no damage.
You hit the adder.
The adder is lightly wounded.
You die...

.............#
$...........#
...........# .....(....#
........# ......##
#†.....##
################.†......
#.....^^.....♣S...##...#
#....†_.########..# #
#..†...^#.........#
######..#.........###
##.#...........#
#..........##. ##.#.
##.........# ## .....
##........# .....#
#........### #. ._....


You could see an adder.

Vanquished Creatures
  2 adders (D:2)
  A worm (D:2)
  3 endoplasms (D:1)
  2 giant cockroaches (D:1)
  4 hobgoblins (D:1)
  5 jackals
  3 ball pythons
  2 bats (D:1)
  2 frilled lizards
  4 goblins
  2 kobolds (D:1)
  2 rats (D:1)
32 creatures vanquished.

Vanquished Creatures (others)
  5 toadstools (D:1)
5 creatures vanquished.

Grand Total: 37 creatures vanquished

Notes
Turn   | Place    | Note
-------+----------+-------------------------------------------
     0 | D:1      | mopl the Octopode Brigand began the quest for the Orb.
     0 | D:1      | Reached XP level 1. HP: 14/14 MP: 1/1
   126 | D:1      | Reached XP level 2. HP: 19/19 MP: 2/2
   337 | D:1      | Learned a level 1 spell: Apportation
   520 | D:1      | Reached skill level 1 in Long Blades
   588 | D:1      | Reached XP level 3. HP: 23/25 MP: 3/3
   804 | D:2      | Found a broken altar of Ashenzari.
   884 | D:2      | Found a faded altar of an unknown god.
   943 | D:2      | HP: 1/37 [poisoned by an adder]
   944 | D:2      | Succumbed to an adder's poison

Illustrated notes

Levels and vault maps discovered:
D:1:      ldierk_walled_garden, layout_basic, roderic_serpentine_path
D:2:      layout_rooms, basic_altar, ebering_ecumenical_altar_webs

Skill      XL: |  1  2 |
---------------+-------+-----
Long Blades    | 1 |  1.5
Fighting       | |  2.6
Short Blades   | |  2.0
Throwing       | |  2.6
Dodging        | |  1.0
Stealth        | |  5.9

Action                   || total
-------------------------++-------
Melee: Dagger            ||    49
       Constrict         ||     6
       Tentacles         ||     2
  Use: Potion            ||     1
 Stab: Sleeping          ||    21
Armor: Skin              ||     4
Dodge: Dodged            ||    15

Table legend: (Time is in decaauts)
 A = Elapsed time spent in this place.
 B = Non-inter-level travel time spent in this place.
 C = Inter-level travel time spent in this place.
 D = Time resting spent in this place.
 E = Time spent auto-exploring this place.
 F = Levels seen in this place.
 G = Mean time per level.
                   A        B        C        D        E       F      G
               +--------+--------+--------+--------+--------+-----+--------+
         Total |    938 |    924 |     14 |      0 |    723 |   2 |  469.0 |
       Dungeon |    938 |    924 |     14 |      0 |    723 |   2 |  469.0 |
               +--------+--------+--------+--------+--------+-----+--------+

Top non-repeatable levels by time:
     D:1: 754 daAuts
     D:2: 184 daAuts
